 Zot Defence DCSS version 0.15.2 (webtiles) character file.

41120 hexophile the Nimble (level 13, -2/141 HPs)
             Began as a Troll Berserker on July 26, 2015.
             Was an Elder of Trog.
             Killed by divine providence
             ... invoked by Norris
              (16 damage)
             ... in the Realm of Zot (Scenario II: Battle Heart).
             The game lasted 00:09:08 (2869 turns).

hexophile the Nimble (Troll Berserker)              Turns: 2869, Time: 00:09:09

HP  -2/141       AC  5     Str 32      XL: 13   Next: 78%
MP   5/5         EV 15     Int -2 (3)  God: Trog [****..]
Gold 0           SH  0     Dex  9      Spells:  0 memorised, 12 levels left

rFire  . . .     SeeInvis .       - Unarmed
rCold  . . .     Clarity  .     b - +0 animal skin
rNeg   . . .     rCorr    .     (shield restricted)
rPois  .         rRot     .     (helmet restricted)
rElec  .         Spirit   .     (no cloak)
SustAb .         Warding  .     (gloves unavailable)
rMut   .         Stasis   .     (boots unavailable)
Gourm  +                        (no amulet)
MR     .....                    (no ring)
                                (no ring)

@: exhausted, slowed, lost intelligence, very slow, not resistant to hostile
enchantments, very unstealthy
A: unfitting armour, claws 3, fast metabolism 3, gourmand, regeneration 2,
saprovore 2, shaggy fur 1, tough skin 2
a: Make oklob sapling, Make arrow trap, Make plant, Remove Curse, Make burning
bush, Make altar, Make grenades, Make oklob plant, Make net trap, Make ice
statue, Make spear trap, Make alarm trap, Make mushroom circle, Make bolt trap,
Burn Spellbooks, Berserk, Trog's Hand, Brothers in Arms, Renounce Religion


You were in the Realm of Zot.
You worshipped Trog.
Trog was greatly pleased with you.
You were not hungry.

You visited 1 branch

Inventory:

Armour
 b - a +0 animal skin (worn)
Comestibles
 c - 2 meat rations
Scrolls
 h - a scroll of blinking
Potions
 a - 3 potions of curing
 e - a potion of haste
 f - 2 potions of magic


   Skills:
 - Level 12.4 Fighting
 * Level 14.0 Dodging
 - Level 10.0 Unarmed Combat


You had 12 spell levels left.
You didn't know any spells.

Dungeon Overview and Level Annotations

Branches:
    Zot (1/1)

Altars:

Annotations:
Zot Norris


Innate Abilities, Weirdness & Mutations

You are too large for most types of armour.
You have claws for hands.
Your metabolism is lightning-fast.
You like to eat raw meat.
You heal very quickly.
You can eat rotten meat.
You are covered in fur (AC +1).
You have very tough skin (AC +2).


Message History

You convulse from lack of intelligence!
* * * LOW HITPOINT WARNING * * *
Something feeds on your intellect!
The shadow imp disappears for a moment.
Something smites you!
* * * LOW HITPOINT WARNING * * *
The vampire mumbles some strange words.
The vampire flickers and vanishes!
Deactivating autopickup; reactivate with Ctrl-A.
You mangle the naga zombie!!
You destroy the naga zombie!
A sky beast appears from thin air!
Reactivating autopickup.
The hound stops to sniff the ground.
Something smites you!
* * * LOW HITPOINT WARNING * * *
Something tries to feed on your intellect!
The shadow imp summons a swarm of flies.
Something smites you!
You die...

.......▓▓▓ .....▓▓▓ ....▓▓
...▓▓######### ##
.............####### #######.
######........NWVy5### ###cJ.z...
##########ZDYyyY###){NS)z###
##..ZDDyYY#)bDS).z.##
#...@)hN.YYzDNN).Z..# #####
#......cJS)zN.......# ....#####
#.......)S..........# ........##
##.........NS........#
.........###.....................
..............#......h...§....##.
...........#####......§.§....####
#........### ###...§§....###
##.....### ###§§<§.###


You could see a 17-headed hydra, a 14-headed hydra, a seven-headed hydra, a
five-headed hydra, a very large slime creature, a centaur warrior, a mana viper,
4 yaks, a hungry ghost, a vampire, a water moccasin, 4 vampire mosquitoes, a sky
beast shaped shifter, 4 nagas, 2 hounds, a sheep, 2 wights, an adder, a shadow
imp, a griffon zombie, a naga zombie and a bat.

Vanquished Creatures
  2 purple draconians (Zot)
  2 hydras (Zot)
  A griffon (Zot)
  A mana viper (Zot)
  A kobold demonologist (Zot)
  6 ugly things (Zot)
  A komodo dragon (Zot)
  2 centaur zombies (Zot)
  A freezing wraith (Zot)
  2 two-headed ogres (Zot)
  2 deep elf magi (Zot)
  2 hydra zombies (Zot)
  A queen bee (shapeshifter) (Zot)
  2 redbacks (Zot)
  A blue devil (Zot)
  Prince Ribbit (Zot)
  2 hippogriffs (Zot)
  2 blink frogs (Zot)
  10 slime creatures (Zot)
  A hydra skeleton (Zot)
  5 yaks (Zot)
  3 vampires (Zot)
  3 nagas (Zot)
  2 vampire mosquitoes (Zot)
  A wyvern (Zot)
  A hill giant skeleton (Zot)
  A neqoxec (Zot)
  2 deep elf fighters (Zot)
  2 hungry ghosts (Zot)
  A tengu skeleton (Zot)
  A water moccasin (Zot)
  A sky beast (Zot)
  A soldier ant (shapeshifter) (Zot)
  2 black bears (Zot)
  2 orc warriors (Zot)
  An ogre (Zot)
  A blink frog skeleton (Zot)
  5 boggarts (Zot)
  2 centaurs (Zot)
  A manticore skeleton (Zot)
  14 giant frogs (Zot)
  5 insubstantial wisps (Zot)
  4 scorpions (Zot)
  A cyclops skeleton (Zot)
  2 yak zombies (Zot)
  A yak skeleton (Zot)
  A hippogriff zombie (Zot)
  4 killer bees (Zot)
  A troll skeleton (Zot)
  11 wights (Zot)
  A quasit (Zot)
  A gnoll shaman (Zot)
  2 elf zombies (Zot)
  A giant frog zombie (Zot)
  2 hounds (Zot)
  6 giant frog skeletons (Zot)
  2 orc priests (Zot)
  A two-headed ogre skeleton (Zot)
  7 iguanas (Zot)
  An orc wizard (Zot)
  3 worker ants (Zot)
  A killer bee zombie (Zot)
  7 sheep (Zot)
  A naga zombie (Zot)
  Ijyb (Zot)
  An ogre zombie (Zot)
  A worker ant zombie (Zot)
  3 gnolls (Zot)
  2 green rats (Zot)
  2 giant mites (Zot)
  A shadow imp (Zot)
  4 adders (Zot)
  A worm (Zot)
  3 iguana skeletons (Zot)
  An adder zombie (Zot)
  2 sheep zombies (Zot)
  2 giant geckos (Zot)
  8 oozes (Zot)
  16 orcs (Zot)
  A bat skeleton (Zot)
  A bat zombie (Zot)
  A gnoll zombie (Zot)
  14 goblins (Zot)
  12 hobgoblins (Zot)
  3 quokkas (Zot)
  4 ball pythons (Zot)
  19 bats (Zot)
  4 giant cockroaches (Zot)
  8 giant newts (Zot)
  A hobgoblin skeleton (Zot)
  6 jackals (Zot)
  A jackal skeleton (Zot)
  10 kobolds (Zot)
  A kobold zombie (Zot)
  An orc skeleton (Zot)
  6 orc zombies (Zot)
  10 rats (Zot)
  A rat skeleton (Zot)
  A rat zombie (Zot)
314 creatures vanquished.

Vanquished Creatures (collateral kills)
  2 very ugly things (Zot)
  An ugly thing (Zot)
  2 slime creatures (Zot)
  A basilisk (shapeshifter) (Zot)
  A yak (Zot)
  A hill giant zombie (Zot)
  A wight (Zot)
  A jelly (Zot)
  2 killer bee zombies (Zot)
  An adder (Zot)
  2 orc zombies (Zot)
  A sheep zombie (Zot)
  3 giant spores (Zot)
  A rat (Zot)
20 creatures vanquished.

Vanquished Creatures (others)
  A deep elf mage (Zot)
  A two-headed ogre (Zot)
  A black bear (Zot)
  An ogre (Zot)
  A kobold (Zot)
5 creatures vanquished.

Grand Total: 339 creatures vanquished

Notes
Turn   | Place    | Note
--------------------------------------------------------------
     0 | Zot      | hexophile, the Troll Berserker, began the quest for the Orb.
     0 | Zot      | Reached XP level 1. HP: 22/22 MP: 1/1
   202 | Zot      | Noticed Giryniowk
   214 | Zot      | Killed Giryniowk the scorpion
   214 | Zot      | Reached skill level 5 in Unarmed Combat
   214 | Zot      | Reached XP level 2. HP: 29/29 MP: 1/1
   214 | Zot      | Reached XP level 3. HP: 36/36 MP: 2/2
   214 | Zot      | Reached XP level 4. HP: 44/44 MP: 2/2
   327 | Zot      | Reached XP level 5. HP: 50/50 MP: 2/2
   393 | Zot      | Acquired Trog's second power
   512 | Zot      | Reached skill level 6 in Unarmed Combat
   726 | Zot      | Noticed Ijyb
   760 | Zot      | Killed Ijyb
   760 | Zot      | Reached XP level 6. HP: 59/59 MP: 3/3
   824 | Zot      | Noticed Proihui
   954 | Zot      | Reached skill level 7 in Unarmed Combat
   964 | Zot      | Killed Proihui the deep elf mage
   964 | Zot      | Reached skill level 9 in Unarmed Combat
   964 | Zot      | Reached XP level 7. HP: 66/66 MP: 3/3
   974 | Zot      | Received a gift from Trog
   979 | Zot      | Reached skill level 10 in Unarmed Combat
   979 | Zot      | Reached XP level 8. HP: 74/74 MP: 3/3
  1018 | Zot      | Reached skill level 5 in Fighting
  1183 | Zot      | Acquired Trog's third power
  1193 | Zot      | Reached XP level 9. HP: 90/92 MP: 4/4
  1302 | Zot      | Noticed Prince Ribbit
  1325 | Zot      | Reached XP level 10. HP: 107/107 MP: 4/4
  1334 | Zot      | Killed Prince Ribbit
  1334 | Zot      | Reached skill level 10 in Fighting
  1447 | Zot      | Reached skill level 11 in Fighting
  1672 | Zot      | Reached XP level 11. HP: 123/123 MP: 4/4
  1675 | Zot      | Reached skill level 12 in Fighting
  1729 | Zot      | Reached skill level 5 in Dodging
  2003 | Zot      | Received a gift from Trog
  2033 | Zot      | Reached XP level 12. HP: 133/133 MP: 5/5
  2192 | Zot      | Noticed a storm dragon
  2193 | Zot      | Noticed a tentacled monstrosity
  2194 | Zot      | Noticed a purple draconian
  2194 | Zot      | Noticed a death cob
  2195 | Zot      | Noticed a grey draconian zealot
  2196 | Zot      | Noticed a grey draconian
  2196 | Zot      | Noticed a pale draconian annihilator
  2197 | Zot      | Noticed a black draconian
  2197 | Zot      | Noticed a purple draconian
  2199 | Zot      | Noticed a death cob
  2201 | Zot      | Noticed an electric golem
  2203 | Zot      | Noticed a tentacled monstrosity
  2204 | Zot      | Noticed a storm dragon
  2205 | Zot      | Noticed a death cob
  2206 | Zot      | Noticed a death cob
  2208 | Zot      | Noticed a tentacled monstrosity
  2211 | Zot      | Noticed a tentacled monstrosity
  2212 | Zot      | Noticed a death cob
  2219 | Zot      | Noticed a pale draconian scorcher
  2219 | Zot      | Noticed a red draconian
  2219 | Zot      | Noticed a black draconian
  2219 | Zot      | Noticed a yellow draconian scorcher
  2252 | Zot      | Reached skill level 10 in Dodging
  2258 | Zot      | Killed a purple draconian
  2270 | Zot      | Killed a purple draconian
  2279 | Zot      | Noticed a tentacled monstrosity
  2294 | Zot      | Noticed a red draconian
  2298 | Zot      | Noticed a purple draconian scorcher
  2299 | Zot      | Noticed a tentacled monstrosity
  2299 | Zot      | Noticed a green draconian
  2301 | Zot      | Noticed a brown very ugly thing
  2301 | Zot      | Noticed a green draconian
  2306 | Zot      | Noticed a brown very ugly thing
  2310 | Zot      | Noticed a grey draconian
  2324 | Zot      | Noticed a green draconian scorcher
  2326 | Zot      | Noticed a white draconian
  2409 | Zot      | Noticed a fire dragon
  2426 | Zot      | Noticed a tentacled monstrosity
  2429 | Zot      | Noticed a death cob
  2474 | Zot      | Noticed a storm dragon
  2490 | Zot      | Killed a green very ugly thing
  2497 | Zot      | Killed a green very ugly thing
  2497 | Zot      | Reached XP level 13. HP: 91/141 MP: 5/5
  2498 | Zot      | Noticed a purple draconian
  2514 | Zot      | Noticed a mottled draconian
  2576 | Zot      | Noticed a storm dragon
  2687 | Zot      | Received a gift from Trog
  2691 | Zot      | Reached skill level 13 in Dodging
  2835 | Zot      | Noticed Norris
  2841 | Zot      | Lost intelligence.
  2856 | Zot      | Reached skill level 14 in Dodging
  2869 | Zot      | Killed from afar by Norris

Action                   |  1- 3 |  4- 6 |  7- 9 | 10-12 | 13-15 || total
-------------------------+-------+-------+-------+-------+-------++-------
Melee: Unarmed           |    11 |   163 |   142 |   515 |   306 ||  1137
Invok: Trog's Hand       |       |       |       |     4 |     2 ||     6
       Brothers in Arms  |       |       |       |     4 |     1 ||     5
       Berserk           |       |       |       |     2 |       ||     2
 Abil: Make grenades     |       |       |       |     1 |       ||     1
  Use: Potion            |       |       |       |       |     2 ||     2
